 Dungeon Crawl Stone Soup version 0.24.0-29-g8ce449bc06 (webtiles) character file.

Game seed: 259329182923447068, levelgen mode: deterministic

8141 Flugslaktarn the Cleaver (level 11, 0/99 HPs)
             Began as a Minotaur Fighter on Nov 14, 2019.
             Was an Initiate of Gozag.
             Shot with a sling bullet by Joseph (4 damage)
             ... on level 10 of the Dungeon.
             The game lasted 00:05:27 (9509 turns).

Flugslaktarn the Cleaver (Minotaur Fighter)         Turns: 9509, Time: 00:05:28

Health: 0/99       AC: 17    Str: 23    XL:     11   Next: 6%
Magic:  10/10      EV:  7    Int:  8    God:    Gozag
Gold:   2195       SH: 11    Dex:  9    Spells: 10/10 levels left

rFire    + . .     SeeInvis .   s - +0 broad axe
rCold    . . .     Gourm    .   c - +0 shield
rNeg     . . .     Faith    .   t - +0 chain mail
rPois    .         Spirit   .   (helmet restricted)
rElec    .         Reflect  .   y - +2 cloak
rCorr    .         Harm     .   C - +0 pair of gloves
MR       ++...     NoTele   +   D - +0 pair of boots
Stlth    ..........             (no amulet)
HPRegen  0.26/turn              f - ring of protection from fire
MPRegen  0.12/turn              x - ring of the Salamander {-Tele MR++ Int+3 Dex-2 Slay+2}

@: gold aura, drained
A: retaliatory headbutt, horns 2
a: Potion Petition, Call Merchant, Bribe Branch, Renounce Religion


You were on level 10 of the Dungeon.
You worshipped Gozag.
Gozag was most pleased with you.
You were not hungry.

You visited 1 branch of the dungeon, and saw 10 of its levels.

You collected 2230 gold pieces.
You paid 35 gold pieces to Gozag.

Inventory:

Hand Weapons
 a - a +1 war axe
 s - a +0 broad axe (weapon)
   (You took it off Harold on level 7 of the Dungeon)
Missiles
 A - 4 throwing nets (quivered)
Armour
 b - a +0 scale mail
 c - a +0 shield (worn)
 t - a +0 chain mail (worn)
   (You found it on level 2 of the Dungeon)
 y - a +2 cloak (worn)
   (You found it on level 2 of the Dungeon)
 C - a +0 pair of gloves (worn)
   (You found it on level 3 of the Dungeon)
 D - a +0 pair of boots (worn)
   (You found it on level 1 of the Dungeon)
 I - a +0 plate armour
   (You found it on level 7 of the Dungeon)
Jewellery
 f - a ring of protection from fire (left hand)
   (You found it on level 6 of the Dungeon)
 k - an uncursed ring of resist corrosion
   (You took it off an orc on level 4 of the Dungeon)
 x - the ring of the Salamander (right hand) {-Tele MR++ Int+3 Dex-2 Slay+2}
   (You found it on level 4 of the Dungeon)

   [ring of intelligence]

   It affects your intelligence (+3).
   It affects your dexterity (-2).
   It affects your accuracy and damage with ranged weapons and melee attacks
   (+2).
   It affects your resistance to hostile enchantments.
   It prevents most forms of teleportation.
Wands
 l - a wand of clouds (3)
   (You found it on level 9 of the Dungeon)
 v - a wand of digging (5)
   (You found it on level 6 of the Dungeon)
 G - a wand of enslavement (10)
   (You found it on level 6 of the Dungeon)
Scrolls
 m - 3 scrolls of immolation
 n - 4 scrolls of fear
 o - a scroll of random uselessness {unknown}
 p - 3 scrolls of enchant armour {unknown}
 r - a scroll of identify
 u - a scroll of enchant weapon
 w - 6 scrolls of remove curse
 z - a scroll of blinking
 B - 6 scrolls of fog {unknown}
 E - a scroll of magic mapping {unknown}
 H - 4 scrolls of teleportation {unknown}
Potions
 d - 3 potions of might
 g - 2 potions of ambrosia
 h - a potion of haste
 i - 4 potions of flight
 j - a potion of lignification
 q - 8 potions of curing
 F - a potion of degeneration {unknown}
Comestibles
 e - 17 rations


   Skills:
 + Level 9.8(9.0) Fighting
 * Level 12.8(11.9) Axes
 + Level 9.9(9.0) Armour
 + Level 9.9(9.0) Shields


You had 10 spell levels left.
You didn't know any spells.
Your spell library was empty.

Dungeon Overview and Level Annotations

Branches:
Dungeon (10/15)            Temple (0/1) D:5             Orc (0/2) D:9
   Lair: D:8-11

Altars:
Cheibriados
Fedhas
Gozag
Kikubaaqudgha
Nemelex Xobeh
Ru
Sif Muna
Trog
Uskayaw
Yredelemnul
Zin
The Shining One

Shops:
D:5 [(

Annotations:
D:4 1 runed translucent door, Flugslaktarn's ghost, amateur DDFi
D:5 1 runed translucent door, Crazy Yiuf
D:10 3 runed translucent doors, Fannar; Irupsat's ghost, journeyman DrCj; Joseph; Nergalle


Innate Abilities, Weirdness & Mutations

You reflexively headbutt those who attack you in melee.
You have a pair of horns on your head.


Message History

You destroy the spectral orc!
You hit Fannar.
Fannar is no longer distracted by gold.
You barely miss Nergalle.
Joseph, a Mercenary comes into view.
He is wielding a +0 quarterstaff of speed.
You block Nergalle's attack.
Fannar points at you and mumbles some strange words.
The bolt of cold hits you!!
You closely miss Nergalle.
Nergalle is severely wounded.
Joseph shouts!
You hit Fannar but do no damage.
The kobold is no longer distracted by gold.
Nergalle points at you and mumbles some strange words.
The bolt of negative energy hits you!!!
You feel drained.
* * * LOW HITPOINT WARNING * * *
Joseph unwields a +0 quarterstaff of speed.
Joseph wields a +0 hunting sling.
Joseph shoots a sling bullet.
The sling bullet hits you.
You die...
Your body crumbles into a pile of gold.

##.### #.#
##+#####'##
..........#
..........#
..........#
.$........#
..@.....$(#######
#####+#.$@$.....#
#.oe$.....#
#.KS......#
.'.....$...#
.#'.......... ..
............ $
.....###.....
...... ..##.


You could see Fannar, Joseph, Nergalle, a water moccasin and a kobold.

Vanquished Creatures
  Harold (D:7)
  A hornet (D:9)
  12 yaks
  Grum (D:9)
  A hungry ghost (D:7)
  Menkaure (D:5)
  2 wargs (D:9)
  2 soldier ants (D:9)
  A necrophage (D:8)
  2 sky beasts
  4 orc warriors
  An ice beast (D:8)
  3 ogres
  5 phantoms
  3 wolves
  A centaur (D:7)
  A crocodile (D:9)
  2 big kobolds
  8 bullfrogs
  4 scorpions
  6 killer bees
  3 wights (D:6)
  3 howler monkeys
  A crimson imp (D:6)
  2 jellies
  3 hounds
  3 bullfrog skeletons
  2 centaur skeletons
  4 orc priests
  12 orc wizards
  An iguana (D:4)
  15 worker ants
  A worker ant zombie (D:6)
  3 gnolls (D:5)
  9 adders
  3 oozes
  An adder zombie (D:8)
  6 worms
  3 dart slugs
  10 leopard geckos
  45 orcs
  10 bats
  6 giant cockroaches
  12 goblins
  16 hobgoblins
  9 jackals
  19 kobolds
  4 quokkas
  3 ball pythons
  7 frilled lizards
  2 leopard gecko skeletons (D:6)
  A leopard gecko zombie (D:5)
  4 rats
285 creatures vanquished.

Notes
Turn   | Place    | Note
-------+----------+-------------------------------------------
     0 | D:1      | Flugslaktarn the Minotaur Fighter began the quest for the
                  | Orb.
     0 | D:1      | Reached XP level 1. HP: 19/19 MP: 0/0
   252 | D:1      | Reached XP level 2. HP: 27/27 MP: 1/1
   367 | D:1      | Reached skill level 3 in Axes
   632 | D:1      | Reached XP level 3. HP: 33/33 MP: 2/2
   927 | D:2      | Found a sacrificial altar of Ru.
  1399 | D:2      | Reached XP level 4. HP: 40/40 MP: 3/3
  1472 | D:2      | Found an opulent altar of Gozag.
  1681 | D:2      | Became a worshipper of Gozag Ym Sagoz the Greedy
  1821 | D:3      | Reached skill level 4 in Axes
  1856 | D:3      | Found a blossoming altar of Fedhas.
  2155 | D:3      | Found a sparkling altar of Nemelex Xobeh.
  2162 | D:3      | You fall into a shaft and drop 1 floor!
  2168 | D:4      | Found a runed translucent door.
  2188 | D:4      | Reached XP level 5. HP: 40/47 MP: 4/4
  2319 | D:4      | Noticed Flugslaktarn's ghost (amateur DDFi)
  2393 | D:3      | Found a hide-covered altar of Uskayaw.
  2821 | D:4      | Noticed an ogre
  2825 | D:4      | Killed an ogre
  2825 | D:4      | Reached skill level 5 in Axes
  2825 | D:4      | Reached XP level 6. HP: 55/55 MP: 5/5
  2916 | D:4      | Reached skill level 5 in Armour
  2916 | D:4      | Reached skill level 5 in Shields
  2919 | D:4      | Reached skill level 5 in Fighting
  3231 | D:4      | Reached skill level 6 in Axes
  3231 | D:4      | Reached XP level 7. HP: 39/61 MP: 6/6
  3394 | D:4      | Got a vibrating brass ring
  3791 | D:4      | Reached skill level 7 in Axes
  3937 | D:5      | Entered Level 5 of the Dungeon
  3937 | D:5      | Noticed Menkaure
  3944 | D:5      | Killed Menkaure
  4214 | D:5      | Found Zaaz's Antique Weapon Boutique.
  4242 | D:5      | Reached XP level 8. HP: 70/70 MP: 7/7
  4577 | D:5      | Found a staircase to the Ecumenical Temple.
  4649 | D:5      | Found Olyefa's Antique Armour Shop.
  4724 | D:5      | Found a runed translucent door.
  4725 | D:5      | Noticed Crazy Yiuf
  4939 | D:6      | Reached skill level 8 in Axes
  5404 | D:6      | Found a shimmering blue altar of Sif Muna.
  5492 | D:6      | Reached skill level 9 in Axes
  5610 | D:6      | Found an ancient bone altar of Kikubaaqudgha.
  5611 | D:6      | Found a glowing silver altar of Zin.
  5688 | D:6      | Reached XP level 9. HP: 73/79 MP: 8/8
  6017 | D:7      | Found a basalt altar of Yredelemnul.
  6078 | D:7      | Identified the ring of the Salamander {-Tele MR++ Int+3
                  | Dex-2 Slay+2} (You found it on level 4 of the Dungeon)
  6151 | D:7      | Reached skill level 10 in Axes
  6286 | D:7      | Found a bloodstained altar of Trog.
  6287 | D:7      | Noticed Harold
  6304 | D:7      | Killed Harold
  6480 | D:7      | Found a snail-covered altar of Cheibriados.
  6863 | D:8      | Reached skill level 11 in Axes
  6879 | D:8      | Reached XP level 10. HP: 79/90 MP: 9/9
  7772 | D:9      | Noticed Grum
  7966 | D:9      | Killed Grum
  8206 | D:9      | Reached skill level 12 in Axes
  8226 | D:9      | Found a staircase to the Orcish Mines.
  8572 | D:9      | Found a glowing golden altar of the Shining One.
  9287 | D:10     | Entered Level 10 of the Dungeon
  9287 | D:10     | Found a runed translucent gate.
  9287 | D:10     | Found a runed translucent gate.
  9287 | D:10     | Found a runed translucent gate.
  9287 | D:10     | Noticed Irupsat's ghost (journeyman DrCj)
  9299 | D:10     | Reached XP level 11. HP: 83/99 MP: 10/10
  9488 | D:10     | Noticed Nergalle
  9496 | D:10     | Noticed Fannar
  9508 | D:10     | Noticed Joseph
  9509 | D:10     | HP: 4/99 [Nergalle/bolt of negative energy (45)]
  9509 | D:10     | Shot with a sling bullet by Joseph

Levels and vault maps discovered:
D:1:      saegor_arrival_under_anarchy, layout_loops_corners,
          minmay_misc_feat_nine_boxes
D:2:      layout_basic, nicolae_gozag_cash_rules_everything_around_me,
          nicolae_ru_awakened_eye
D:3:      layout_basic, lemuel_crystal_altar, lemuel_doored_altar, st_stairs_4,
          corexii_shack, nemelex_altar_shiori
D:4:      minmay_chambers_of_twos, layout_gridville,
          ebering_ghost_reflecting_pool
D:5:      layout_cave_pools, temple_green, first_ration, serial_shops, shop,
          nicolae_shop_behind_doors, abandoned_shop, uniq_crazy_yiuf_cottage,
          uniq_menkaure
D:6:      layout_loops_ring, lemuel_round_altar,
          gammafunk_temple_overflow_statue
D:7:      layout_rooms, nicolae_overflow_crystal_walls, cheibriados_altar_1,
          old_standard_altar, uniq_harold
D:8:      layout_basic
D:9:      layout_long_grid, tso_oasis_becter, erik_orc_3,
          hangedman_pestilent_swarm, uniq_grum
D:10:     layout_basic, gammafunk_ghost_spectres, uniq_erica, uniq_gastronok,
          uniq_nergalle, uniq_joseph, uniq_fannar, uniq_psyche

Skill      XL: |  1  2  3  4  5  6  7  8  9 10 |
---------------+-------------------------------+-----
Axes           | 3 4 5 6 7 9 11 12 | 12.8
Shields        | 4 5 6 7 8 9 |  9.9
Armour         | 4 5 6 7 8 9 |  9.9
Fighting       | 4 5 6 7 8 9 |  9.8

Action                   |  1- 3 |  4- 6 |  7- 9 | 10-12 || total
-------------------------+-------+-------+-------+-------++-------
Melee: War axe           |   117 |   152 |   320 |       ||   589
       Headbutt          |    12 |    31 |    61 |    27 ||   131
       Broad axe         |       |       |    48 |   156 ||   204
  Use: Scroll            |       |       |    13 |       ||    13
 Stab: Distracted        |       |       |     2 |     2 ||     4
  Eat: Chunk             |     2 |     1 |       |       ||     3
       Ration            |       |     1 |     5 |     3 ||     9
Armor: Scale mail        |    50 |       |       |       ||    50
       Chain mail        |    10 |    69 |   199 |   113 ||   391
Dodge: Dodged            |    33 |    30 |    60 |    65 ||   188
Block: Shield            |    67 |    85 |   149 |   110 ||   411
